 Dungeon Crawl Stone Soup version 0.17-a0-1337-ge651487 (webtiles) character file.

100 Fluffy the Cudgeler (level 4, -1/28 HPs)
             Began as a Gargoyle Fighter on June 10, 2015.
             Was an Initiate of Okawaru.
             Killed by nerve-wracking pain
             ... invoked by an orc priest
              (12 damage)
             ... on level 3 of the Dungeon.
             The game lasted 00:02:48 (1653 turns).

Fluffy the Cudgeler (Gargoyle Fighter)              Turns: 1653, Time: 00:02:48

Health: -1/28      AC: 12    Str: 20    XL:     4   Next: 73%
Magic:  4/5        EV:  7    Int:  8    God:    Okawaru [......]
Gold:   166        SH:  9    Dex: 10    Spells: 0 memorised, 3 levels left

rFire  . . .     SeeInvis .     a - +0 flail
rCold  . . .     Clarity  .     b - +0 scale mail
rNeg   + . .     SustAt   .     c - +0 shield
rPois  ∞         Gourm    .     r - +0 helmet
rElec  +         Spirit   .     (no cloak)
rCorr  .         Warding  .     (no gloves)
rMut   .         Stasis   .     n - +0 pair of boots
MR     .....                    (no amulet)
Stlth  ..........               (no ring)
                                (no ring)

@: not resistant to hostile enchantments, extremely unstealthy
A: negative energy resistance 1, electricity resistance, unbreathing,
petrification resistance, rot immunity, AC +3
a: Renounce Religion


You were on level 3 of the Dungeon.
You worshipped Okawaru.
Okawaru was noncommittal.
You were not hungry.

You visited 1 branch of the dungeon, and saw 3 of its levels.

You collected 166 gold pieces.

Inventory:

Hand weapons
 a - a +0 flail (weapon)
Armour
 b - a +0 scale mail (worn)
 c - a +0 shield (worn)
 n - a +0 pair of boots (worn)
 r - a +0 helmet (worn)
Scrolls
 g - a scroll of enchant armour {unknown}
 h - a scroll of fog {unknown}
 k - a scroll of remove curse {unknown}
 m - a scroll of fear {unknown}
 t - 3 scrolls of identify {unknown}
 u - a scroll of blinking {unknown}
Potions
 d - a potion of might
 i - a potion of cure mutation {unknown}
 j - a potion of ambrosia {unknown}
 l - 2 potions of agility {unknown}
 o - a potion of flight {unknown}
 p - 2 potions of curing {unknown}
 q - a potion of berserk rage {unknown}
 s - a potion of cancellation {unknown}
 v - 2 potions of heal wounds
Comestibles
 e - 2 bread rations
 f - a meat ration


   Skills:
 - Level 3.2 Fighting
 + Level 4.4 Maces & Flails
 - Level 3.2 Armour
 - Level 3.2 Shields
 + Level 1.4 Invocations


You had 3 spell levels left.
You didn't know any spells.

Dungeon Overview and Level Annotations

Branches:
Dungeon (3/15)

Altars:
Okawaru


Innate Abilities, Weirdness & Mutations

You are resistant to torment.
Your stone body is resilient (AC +3).
You are immune to poison.
You resist negative energy.
You are resistant to electric shocks.
You can survive without breathing.
You are immune to petrification.
You are immune to rotting.


Message History

You block the orc's attack. You block the kobold's attack.
The orc priest hits you but does no damage.
You hit the orc priest.
You kill the orc priest!
Okawaru accepts your kill.
Your Invocations skill increases to level 1!
The orc priest barely misses you. The orc hits you but does no damage.
The kobold barely misses you.
You closely miss the orc priest. You block the orc priest's attack.
The orc hits you but does no damage. You block the kobold's attack.
The orc priest hits you but does no damage.
You hit the orc priest but do no damage.
The orc hits you but does no damage. You block the kobold's attack.
The orc priest hits you but does no damage.
You hit the orc priest.
The orc priest is lightly wounded.
The orc hits you with a mace. The kobold closely misses you.
The orc priest calls down the wrath of Beogh upon you.
Pain shoots through your body!
You die...

#######################
.......................
................######.
###############.# # #.#
# #.# #.#### ##.oo.#
#.)@#.# l......K# #
#####...# #...# #...#
#...# #.### ..


You could see an orc priest, an orc, a giant gecko (wandering) and a kobold.

Vanquished Creatures
  An orc priest (D:3)
  Robin (D:2)
  2 worms (D:2)
  A giant gecko (D:2)
  5 bats
  3 giant cockroaches (D:1)
  14 goblins
  8 hobgoblins
  A giant newt (D:1)
  7 kobolds
  5 rats
48 creatures vanquished.

Notes
Turn   | Place    | Note
--------------------------------------------------------------
     0 | D:1      | Fluffy the Gargoyle Fighter began the quest for the Orb.
     0 | D:1      | Reached XP level 1. HP: 14/14 MP: 1/1
   180 | D:1      | Reached XP level 2. HP: 19/19 MP: 2/2
   925 | D:2      | Reached XP level 3. HP: 23/23 MP: 3/3
  1002 | D:2      | Noticed Robin
  1053 | D:2      | Killed Robin
  1053 | D:2      | Reached skill level 4 in Maces & Flails
  1214 | D:2      | Found an iron altar of Okawaru.
  1221 | D:2      | Became a worshipper of Warmaster Okawaru
  1278 | D:2      | Reached XP level 4. HP: 20/28 MP: 4/4
  1650 | D:3      | Reached skill level 1 in Invocations
  1653 | D:3      | Killed from afar by an orc priest

Vault maps used:
D:1:      minmay_arrival_arboretum_small
D:2:      okawaru_gym_becter, kennysheep_generic_room_8, uniq_robin
D:3:      minmay_goblin_kobold_castle, first_bread, interstate_on_off,
          minivault_14, minmay_ogre_servants

Action                   |  1- 3 |  4- 6 || total
-------------------------+-------+-------++-------
Melee: Flail             |   144 |    32 ||   176
  Eat: Chunk             |     1 |     2 ||     3
